 Dungeon Crawl Stone Soup version 0.14-a0-805-gc239e29 (webtiles) character file.

6 wolfram2 the Grasshopper (level 1, 13/18 HPs)
             Began as a Deep Dwarf Warper on Nov 11, 2013.
             Quit the game on Level 1 of the Dungeon.
             The game lasted 00:01:30 (213 turns).

wolfram2 the Grasshopper (Deep Dwarf Warper)         Turns: 213, Time: 00:01:31

HP  13/18        AC  3     Str 14      XL: 1   Next: 75%
MP   1/1         EV 11     Int 13      God:
Gold 0           SH  0     Dex 12      Spells:  1 memorised,  2 levels left

Res.Fire  : . . .   See Invis. : .   l - -1,+0 dwarf mace (curse)
Res.Cold  : . . .   Warding    : .   b - +0 leather armour
Life Prot.: . . .   Conserve   : .   (no shield)
Res.Poison: .       Res.Corr.  : .   (no helmet)
Res.Elec. : .       Clarity    : .   (no cloak)
Sust.Abil.: . .     Spirit.Shd : .   (no gloves)
Res.Mut.  : .       Stasis     : .   (no boots)
Res.Rott. : .       Flight     : .   (no amulet)
Saprovore : . . .                    (no ring)
                                     (no ring)

@: non-regenerating, not resistant to hostile enchantments, very unstealthy
A: damage resistance, recharge devices, sense surroundings 1, slow healing 3
a: Device Recharging


You were on level 1 of the Dungeon.
You were not hungry.

You visited 1 branch of the dungeon, and saw 1 of its levels.

Inventory:

Hand weapons
 a - a +0,+0 dwarven hand axe
 k - a +0,+0 dagger
 l - a cursed -1,+0 dwarven mace (weapon)
Missiles
 e - 14 darts (quivered)
 f - 10 darts of dispersal
 m - 20 sling bullets of flame
Armour
 b - a +0 leather armour (worn)
Magical devices
 g - a wand of heal wounds (5)
Comestibles
 h - a bread ration
Scrolls
 d - a scroll of blinking
 i - a scroll of random uselessness {unknown}
Potions
 j - a potion of confusion {unknown}
 n - a potion of heal wounds {unknown}
Books
 c - a book of Spatial Translocations

   Spells                             Type                      Level
   *Apportation                       Translocation                1
   Portal Projectile                  Translocation                2
   Blink                              Translocation                2
   Shroud of Golubria                 Charms/Translocation         2
   Teleport Other                     Translocation                3
   Passage of Golubria                Translocation                4


   Skills:
 - Level 1.7 Fighting
 + Level 2.7 Axes
 - Level 0.8 Throwing
 - Level 1.1 Armour
 - Level 2.1 Dodging
 - Level 1.7 Spellcasting
 - Level 3.4 Translocations


You had 2 spell levels left.
You knew the following spells:

 Your Spells              Type           Power        Failure   Level  Hunger
a - Apportation           Tloc           ##........   10%         1    ##.....


Dungeon Overview and Level Annotations

Branches:
Dungeon (1/27)

Altars:


Innate Abilities, Weirdness & Mutations

You are resistant to damage.
You can recharge devices by infusing magical energy.
You passively map a small area around you.
You do not heal naturally.


Message History

The jackal is heavily wounded.
The jackal barely misses you. The jackal bites you.
You hit the jackal but do no damage.
The jackal is heavily wounded.
The jackal barely misses you. The jackal closely misses you.
You hit the jackal but do no damage.
The jackal is heavily wounded.
The jackal misses you. The jackal closely misses you.
You barely miss the jackal.
The jackal is heavily wounded.
The jackal closely misses you. The jackal misses you.
You miss the jackal.
The jackal is heavily wounded.
The jackal bites you.
You closely miss the jackal.
The jackal is heavily wounded.
The jackal bites you but does no damage.
Quiver which item? (- for none, * to show all) (? for menu, Esc to quit)
Okay, then.
Are you sure you want to abandon this character and quit the game? (Confirm with "yes".)

, , #.......#
########.##.# , #
#........##.# , #.
#.#####.....# ,
#.###.######.######.####
,
.........................
#.#...#.##########...###
* #. #.# ######..## #@#
##.......# #h#
#........## #.###K##
#...≈≈≈≈..### #...rK.#
#..≈≈§§≈≈.... ,
#.###..###..§≈≈§≈≈..>< ,
,* #.......§§≈≈§≈....
**##.##....§≈§≈§..#. ,
...##..........##.
,♣♣##.##h#...........


You could see a jackal, 2 kobolds and a rat.

Vanquished Creatures
  3 jackals (D:1)
  2 kobolds (D:1)
5 creatures vanquished.

Notes
Turn   | Place    | Note
--------------------------------------------------------------
     0 | D:1      | wolfram2, the Deep Dwarf Warper, began the quest for the Orb.
     0 | D:1      | Reached XP level 1. HP: 18/18 MP: 1/1
   213 | D:1      | Quit the game

Action                   || total
-------------------------++-------
Melee: Mace              ||    28
       Hand axe          ||     2
Throw: Dart              ||     4
